 Dungeon Crawl Stone Soup version 0.29.0-4-gdea44cf6ec (webtiles) character file.

Game seed: 11604426971370498715

277 qw the Chopper (level 6, -7/35 HPs)
             Began as a Tengu Warper on Aug 28, 2022.
             Mangled by an iguana (10 damage)
             ... on level 4 of the Dungeon.
             The game lasted 00:00:21 (3637 turns).

qw the Chopper (Tengu Warper)                       Turns: 3637, Time: 00:00:22

Health: -7/35      AC: 10    Str: 13    XL:     6   Next: 26%
Magic:  10/10      EV:  7    Int: 13    God:
Gold:   198        SH:  0    Dex: 14    Spells: 9/9 levels left

rFire   + . .      SeeInvis .   e - +0 war axe
rCold   . . .      Faith    .   (no shield)
rNeg    . . .      Spirit   .   g - +2 chain mail {rF+}
rPois   .          Reflect  .   (helmet restricted)
rElec   .          Harm     .   (no cloak)
rCorr   .          Rampage  .   (no gloves)
Will    .....                   (boots unavailable)
Stlth   ..........              (no amulet)
HPRegen 0.11/turn               (no ring)
MPRegen 0.12/turn               (no ring)

@: about to teleport, flying quickly and evasively, quick
A: beak, talons 3, nimble flight
a: no special abilities


You were on level 4 of the Dungeon.
You visited 1 branch of the dungeon, and saw 4 of its levels.

You collected 198 gold pieces.


Innate Abilities, Weirdness & Mutations

You have a beak for a mouth.
You have claws for feet.
Your magical nature lets you fly swiftly and evasively.


   Skills:
 - Level 2.0 Fighting
 + Level 6.7 Axes
 - Level 1.0 Throwing
 - Level 2.2 Armour
 - Level 2.1 Dodging
 - Level 2.0 Spellcasting
 - Level 2.4 Translocations


You had 9 spell levels left.
You didn't know any spells.
Your spell library contained the following spells:

 Spells                   Type           Power      Damage    Failure   Level
 Blink                    Tloc           14%        N/A       99%         2
 Gell's Gravitas          Tloc           7%         N/A       100%        3
 Lesser Beckoning         Tloc           7%         N/A       100%        3
 Teleport Other           Tloc           7%         N/A       100%        3
 Manifold Assault         Tloc           7%         N/A       100%        5

Inventory:

Hand Weapons
 d - a +0 club
 e - a +0 war axe (weapon)
Armour
 g - a +2 chain mail of fire resistance (worn)
Scrolls
 c - 2 scrolls of identify
Potions
 i - a potion of curing
 k - a potion of brilliance {unknown}
 m - a potion of flight {unknown}

Dungeon Overview and Level Annotations

Branches:
Dungeon (4/15)
 Temple: D:4-7

Altars:
Elyvilon

Shops:
D:3 :


Message History

The hound barks!
The hound moves out of view.
There is an open door here.
The hound bites you but does no damage.
You hit the hound. You peck the hound.
The hound is moderately wounded.
The hound bites you but does no damage. The hound bites you.
You closely miss the hound.
The hound is moderately wounded.
The hound barely misses you.
You slash the hound!
You kill the hound!
You start resting.
HP restored.
Found a stone staircase leading down.
There is an open door here.
An iguana comes into view.
The iguana hisses angrily.
You barely miss the iguana. You claw the iguana, but do no damage.
The iguana bites you!
You barely miss the iguana. Your peck misses the iguana. The iguana bites you!
You hit the iguana. Your peck misses the iguana.
The iguana is moderately wounded.
The iguana bites you! The iguana barely misses you.
You closely miss the iguana. You claw the iguana, but do no damage.
You peck the iguana.
The iguana is moderately wounded.
The iguana closely misses you.
You slash the iguana! You claw the iguana, but do no damage.
The iguana is severely wounded.
The iguana bites you.
3636 ||| READING scroll of teleportation.
As you read the scroll of teleportation, it crumbles to dust.
You feel strangely unstable. The iguana bites you.
You closely miss the iguana. Your kick misses the iguana.
The iguana is severely wounded.
The iguana bites you!
You die...

####### ############# #.....#
#............ #.....#
#............ #.....#
#.............+ #.....#
#.....>.......# #.....#
#.............#
#.....#####.............##
##########...@l..#'###.......#
#........#.......#...#........
#........#.......'...#........
#........#.......#...'......77
#...##..##.......#...#.......7
#'#################'###....77.
#.......# ...........#....77.
#.......# ...........#.......
#.......#.............#.%.....


You could see an iguana.

Vanquished Creatures
  A phantom (D:4)
  A howler monkey (D:4)
  2 hounds (D:4)
  An adder (D:4)
  A white imp (D:3)
  2 worms
  2 dart slugs
  6 orcs
  8 ball pythons
  5 endoplasms
  4 giant cockroaches
  7 goblins
  4 hobgoblins
  8 jackals
  5 kobolds
  A quokka (D:1)
  A bat (D:3)
  5 frilled lizards
  7 rats
71 creatures vanquished.

Notes
Turn   | Place    | Note
-------+----------+-------------------------------------------
     0 | D:1      | qw the Tengu Warper began the quest for the Orb.
     0 | D:1      | Reached XP level 1. HP: 12/12 MP: 4/4
     0 | D:1      | 0 ||| qw: Version: 0.1-a-89-g26bdef1
     0 | D:1      | 0 ||| qw: Game counter: 648
     0 | D:1      | 0 ||| qw: Always use a shield: true
     0 | D:1      | 0 ||| qw: God list: Okawaru
     0 | D:1      | 0 ||| qw: Allow faded altars: false
     0 | D:1      | 0 ||| qw: Do Orc after D:15 true
     0 | D:1      | 0 ||| qw: Do second Lair branch before Depths: true
     0 | D:1      | 0 ||| qw: Lair rune preference: random
     0 | D:1      | 0 ||| qw: Plans: Normal
     0 | D:1      | 0 ||| PLANNING D:1-11
   352 | D:1      | Reached XP level 2. HP: 17/17 MP: 6/6
   381 | D:1      | Reached skill level 3 in Axes
  1000 | D:1      | 1000 ||| UPGRADING to +0 ring mail.
  1010 | D:1      | 1010 ||| DROPPING +0 leather armour.
  1011 | D:1      | 1011 ||| READING scroll labelled WUOQALAHUY.
  1012 | D:1      | 1012 ||| READING scroll labelled DORETA ZUSIACI.
  1013 | D:1      | 1013 ||| READING scroll labelled EREICU KOFAE.
  1014 | D:1      | 1014 ||| DRINKING 2 cyan potions.
  1015 | D:1      | 1015 ||| DROPPING scroll of blinking.
  1016 | D:1      | 1016 ||| Stepping randomly (stuck).
  1016 | D:1      | HP: 4/17 [poisoned by you (poison gas)]
  1017 | D:1      | 1017 ||| Stepping ~*~*~tactically~*~*~ (cloud).
  1018 | D:1      | 1018 ||| DRINKING potion of curing.
  1018 | D:1      | 1018 ||| (to cure poison)
  1284 | D:2      | Reached XP level 3. HP: 21/21 MP: 7/7
  1309 | D:2      | Found the +9 staff of Wucad Mu {*channel}
  1350 | D:2      | 1350 ||| Stepping ~*~*~tactically~*~*~ (stealth).
  1500 | D:2      | 1500 ||| SWAPPING to +1 vorpal hand axe.
  1501 | D:2      | 1501 ||| DROPPING +0 hand axe.
  1555 | D:2      | Reached skill level 4 in Axes
  1594 | D:2      | 1594 ||| Stepping ~*~*~tactically~*~*~ (stealth).
  1595 | D:2      | 1595 ||| Stepping ~*~*~tactically~*~*~ (stealth).
  1779 | D:2      | Identified the +1 leather armour "Onifeel" {SInv}
  1923 | D:2      | 1923 ||| UPGRADING to +2 chain mail of fire resistance.
  1933 | D:2      | 1933 ||| DROPPING +0 ring mail.
  1934 | D:2      | 1934 ||| READING 3 scrolls labelled BOUZEA LOMNIEN.
  1938 | D:2      | 1938 ||| READING scroll labelled FAGIUM ACEK.
  1939 | D:2      | 1939 ||| DRINKING 2 glowing blue potions.
  1940 | D:2      | 1940 ||| DROPPING potion of degeneration.
  1974 | D:3      | 1974 ||| STAIRDANCE
  1979 | D:3      | 1979 ||| STAIRDANCE
  2011 | D:3      | Identified the +1 hand axe of Atanasoqet {drain, Will-
                  | Str+2 Dex+4}
  2013 | D:3      | 2013 ||| SWAPPING to +1 hand axe of Atanasoqet {drain,
                  | Will- Str+2 Dex+4}.
  2014 | D:3      | 2014 ||| DROPPING +1 vorpal hand axe.
  2091 | D:3      | Found a white marble altar of Elyvilon.
  2146 | D:3      | Found a faded altar of an unknown god.
  2202 | D:3      | Reached XP level 4. HP: 26/26 MP: 8/8
  2328 | D:3      | 2328 ||| DROPPING amulet of magic regeneration.
  2329 | D:3      | 2329 ||| READING scroll labelled LAUQUKLEOQA.
  2330 | D:3      | 2330 ||| READING scroll labelled LAGREXTEEMECK.
  2331 | D:3      | 2331 ||| READING scroll labelled JOQIUD TERUPYRR.
  2332 | D:3      | 2332 ||| READING 3 scrolls of identify.
  2332 | D:3      | 2332 ||| IDENTIFYING black potion
  2333 | D:3      | 2333 ||| READING 2 scrolls of identify.
  2333 | D:3      | 2333 ||| IDENTIFYING fuming green potion
  2334 | D:3      | 2334 ||| DROPPING potion of attraction.
  2335 | D:3      | 2335 ||| DROPPING potion of berserk rage.
  2336 | D:3      | 2336 ||| READING 2 scrolls of teleportation.
  2385 | D:3      | 2385 ||| READING scroll of teleportation.
  2711 | D:3      | 2711 ||| Stepping ~*~*~tactically~*~*~ (hiding).
  2842 | D:3      | Found Neypniog's Book Shoppe.
  3113 | D:4      | 3113 ||| STAIRDANCE
  3132 | D:4      | Reached skill level 5 in Axes
  3203 | D:4      | Noticed a phantom
  3219 | D:4      | Killed a phantom
  3220 | D:4      | Reached skill level 6 in Axes
  3220 | D:4      | Gained mutation: Your magical nature lets you fly swiftly
                  | and evasively. [Tengu growth]
  3220 | D:4      | Reached XP level 5. HP: 22/30 MP: 9/9
  3335 | D:4      | 3335 ||| Stepping ~*~*~tactically~*~*~ (stealth).
  3351 | D:4      | Reached XP level 6. HP: 34/35 MP: 10/10
  3368 | D:4      | 3368 ||| SWAPPING to +0 war axe.
  3369 | D:4      | 3369 ||| DROPPING +1 hand axe of Atanasoqet {drain, Will-
                  | Str+2 Dex+4}.
  3635 | D:4      | HP: 5/35 [iguana (6)]
  3636 | D:4      | 3636 ||| READING scroll of teleportation.
  3637 | D:4      | Mangled by an iguana

Levels and vault maps discovered:
D:1:      onia_arrival_mini_maze, layout_basic, kennysheep_minor_cross
D:2:      layout_basic, palyth_stone_intersect
D:3:      layout_basic, elyvilon_altar_5, serial_shops, nicolae_lakefront_shop,
          shapermc_ecumenical_altar_venn, kennysheep_generic_room_16
D:4:      layout_gridville, minmay_misc_feat_more_columns, serial_park_tiny_2

Skill      XL: |  1  2  3  4  5 |
---------------+----------------+-----
Axes           | 3 4 6 |  6.7
Armour         | 2 |  2.2
Fighting       | |  2.0
Throwing       | |  1.0
Dodging        | |  2.1
Spellcasting   | |  2.0
Translocations | |  2.4

Action                   |  1- 3 |  4- 6 || total
-------------------------+-------+-------++-------
Melee: Hand axe          |    77 |    49 ||   126
       Kick              |    10 |    16 ||    26
       Peck              |    11 |     9 ||    20
       War axe           |       |    20 ||    20
       Punch             |       |     1 ||     1
Throw: Boomerang         |     7 |       ||     7
  Use: Scroll            |     5 |     8 ||    13
       Potion            |     3 |       ||     3
Armor: Leather armour    |     9 |       ||     9
       Ring mail         |     2 |       ||     2
       Chain mail        |    14 |    47 ||    61
Dodge: Dodged            |    27 |    28 ||    55

Table legend:
 A = Non-vault XP
 B = Vault XP
 C = Vault XP percentage of total XP
 D = Non-vault monster count
 E = Vault monster count
 F = Vault count percentage of total count
                 A         B        C        D         E       F
            +---------+---------+-------+---------+---------+-------
      Total |     393 |       4 |   1.0 |      68 |       3 |   4.2
            +---------+---------+-------+---------+---------+-------
        D:1 |      22 |       1 |   4.3 |      12 |       1 |   7.7
        D:2 |      30 |       0 |   0.0 |      16 |       0 |   0.0
        D:3 |      46 |       3 |   6.1 |      19 |       2 |   9.5
        D:4 |     295 |       0 |   0.0 |      21 |       0 |   0.0
            +---------+---------+-------+---------+---------+-------
